 Dungeon Crawl Stone Soup version 0.26-a0-835-g8259106e14 (webtiles) character file.

Game seed: 10954360557278691873

11 pablito the Insei (level 2, 0/18 HPs)
             Began as an Octopode Transmuter on Nov 17, 2020.
             Succumbed to an adder's poison
             ... on level 2 of the Dungeon.
             The game lasted 00:01:43 (963 turns).

pablito the Insei (Octopode Transmuter)              Turns: 963, Time: 00:01:43

Health: 0/18       AC:  1    Str:  9    XL:     2   Next: 25%
Magic:  4/5        EV: 13    Int: 15    God:
Gold:   86         SH:  0    Dex: 12    Spells: 4/5 levels left

rFire    . . .     SeeInvis .     - Unarmed
rCold    . . .     Faith    .   (no shield)
rNeg     . . .     Spirit   .   (helmet currently unavailable)
rPois    .         Reflect  .   (no amulet)
rElec    .         Harm     .   (no ring)
rCorr    .         Rampage  .   (no ring)
MR       .....                  (no ring)
Stlth    ++........             (no ring)
HPRegen  0.06/turn              (no ring)
MPRegen  0.09/turn              (no ring)
                                (no ring)
                                (no ring)

@: mighty, lethally poisoned (0 -> -13), appendages
A: almost no armour, stealthy swim, amphibious, 8 rings, constrict 8, tentacle
spike 3, camouflage 1, gelatinous body 1
a: End Transformation


You were on level 2 of the Dungeon.
One of your tentacles had a temporary spike.
You visited 1 branch of the dungeon, and saw 2 of its levels.

You collected 86 gold pieces.

Inventory:

Scrolls
 b - a scroll of magic mapping {unknown}
 c - a scroll of enchant armour {unknown}
 e - a scroll of remove curse {unknown}
Potions
 d - a potion of curing {unknown}


   Skills:
 - Level 1.0 Fighting
 + Level 2.1 Dodging
 * Level 3.2 Unarmed Combat
 + Level 2.1 Spellcasting
 + Level 2.1 Transmutations


You had 4 spell levels left.
You knew the following spells:

 Your Spells              Type           Power        Failure   Level
a - Beastly Appendage     Tmut           #.....       9%          1

Your spell library contained the following spells:

 Spells                   Type           Power        Failure   Level
 Wereblood                Tmut           #.......     14%         2
 Spider Form              Tmut/Pois      #.........   38%         3
 Ice Form                 Ice/Tmut       #.......     80%         4
 Blade Hands              Tmut           #.........   94%         5


Dungeon Overview and Level Annotations

Branches:
Dungeon (2/15)

Altars:


Innate Abilities, Weirdness & Mutations

You cannot wear most types of armour.
You are very stealthy in the water. (Stealth+)
You are amphibious.
You can wear up to eight rings at the same time.
You can use your tentacles to constrict eight enemies at once.
Your skin changes colour to match your surroundings (Stealth+).
Your rubbery body absorbs attacks. (AC +1, EV +1)
One of your tentacles bears a large vicious spike.


Message History

Casting: Beastly Appendage (safe; 9% risk of failure)
Confirm with . or Enter, or press ? or * to list all spells.
One of your tentacles grows a vicious spike.
The adder closely misses you.
You closely miss the adder. Your grab misses the adder.
You feel sick. The goblin closely misses you. The adder closely misses you.
You miss the adder. You grab the adder. You constrict the adder.
The adder completely misses you. The goblin hits you.
* * * LOW HITPOINT WARNING * * *
You barely miss the adder.
You pierce the adder, but do no damage.
You squeeze the adder.
The adder is moderately wounded.
You constrict the adder. The adder bites you.
* * * LOW HITPOINT WARNING * * *
You are more poisoned.
The adder poisons you! The goblin misses you. The adder barely misses you.
It was a potion of might.
You feel very mighty all of a sudden.
You constrict the adder.
You die...

##... .
##....### ..
........# ..
#..(....## #.
#......... .###.
#.......#
......##.......#
....#.g@.......#
...###S#.<.....#
. ..#.g#.......#
##............#
#####.########
#. #g .. .


You could see an adder and 2 goblins.

Vanquished Creatures
  2 leopard geckos (D:1)
  A bat (D:1)
  2 goblins (D:1)
  A hobgoblin (D:1)
  A ball python (D:1)
  A frilled lizard (D:1)
8 creatures vanquished.

Notes
Turn   | Place    | Note
-------+----------+-------------------------------------------
     0 | D:1      | pablito the Octopode Transmuter began the quest for the
                  | Orb.
     0 | D:1      | Reached XP level 1. HP: 13/13 MP: 3/3
   531 | D:1      | Reached XP level 2. HP: 18/18 MP: 5/5
   963 | D:2      | Succumbed to an adder's poison

Illustrated notes

Levels and vault maps discovered:
D:1:      dpeg_arrival_stonehenge_8_columns, layout_basic
D:2:      layout_rooms, marbit_many_paths, serial_glass, glass_columns_a,
          glass_columns_a, item_on_display_a, due_unseen_surprise,
          minmay_strange_pillars, minmay_strange_pillars

Action                   || total
-------------------------++-------
Melee: Unarmed           ||    21
       Constrict         ||     6
       Tentacles         ||     3
       Kick              ||     1
 Cast: Beastly Appendage ||     1
  Use: Potion            ||     1
 Stab: Sleeping          ||     2
Armor: Skin              ||     1
Dodge: Dodged            ||    18

Table legend: (Time is in decaauts)
 A = Elapsed time spent in this place.
 B = Non-inter-level travel time spent in this place.
 C = Inter-level travel time spent in this place.
 D = Time resting spent in this place.
 E = Time spent auto-exploring this place.
 F = Levels seen in this place.
 G = Mean time per level.
                   A        B        C        D        E       F      G
               +--------+--------+--------+--------+--------+-----+--------+
         Total |    961 |    955 |      6 |      0 |    875 |   2 |  480.5 |
       Dungeon |    961 |    955 |      6 |      0 |    875 |   2 |  480.5 |
               +--------+--------+--------+--------+--------+-----+--------+

Top non-repeatable levels by time:
     D:1: 953 daAuts
     D:2: 8 daAuts
